Map: Port Aleksander LE

Players

iGCoffeeMs (Coffee) - Winner!

  • Race: Terran Terran
  • League: Grandmaster
  • Spawn Location: 5:00

LiquidTLO (TLO)

  • Race: Zerg Zerg
  • League: Master
  • Spawn Location: 11:00

Event: 2019 WCS Winter Americas

VOD

Have the link to the VOD?

Description

Time

  • Played on: Feb. 9, 2019, 2:14 p.m.
  • Length: 15:44

All games in this series

Show
View Real Time Build Order
Export as new Build Order

iGCoffeeMs Terran - Winner!

Build Orders: Gas First Reaper Expand, Liberator Opening 

Get SALT Encoding   

  12  0:00  SCV  
  13  0:12  SCV  
  14  0:18  Supply Depot  
  14  0:25  SCV  
  15  0:29  Refinery  
  15  0:39  SCV  
  16  0:45  Barracks  
  16  0:52  SCV  
  17  1:04  SCV  
  18  1:16  SCV  
  19  1:32  Reaper, Orbital Command  
  20  1:44  Command Center  
  20  1:55  Factory  
  20  1:59  SCV  
  21  2:06  Barracks Reactor  
  21  2:11  SCV  
  21  2:14  Supply Depot  
  22  2:16  Refinery  
  22  2:23  SCV  
  23  2:36  SCV  
  24  2:44  Starport  
  24  2:46  Hellion x2  
  24  2:48  SCV  
  29  2:56  Orbital Command  
  29  2:57  Marine  
  30  3:10  Hellion x2  
  34  3:15  Marine  
  35  3:21  Medivac  
  35  3:25  Armory  
  37  3:33  Marine  
  38  3:34  Liberator  
  38  3:37  Hellion x2  
  42  3:43  SCV, Supply Depot  
  46  3:56  Barracks Tech Lab  
  46  4:05  Hellion x2  
  46  4:06  Supply Depot  
  46  4:08  SCV  
  51  4:10  SCV  
  52  4:26  SCV  
  52  4:28  Hellion x2  
  57  4:31  Liberator  
  57  4:36  SCV  
  57  4:38  SCV  
  55  4:49  Hellion x2  
  55  4:52  SCV x2  
  54  5:00  Marine  
  54  5:04  SCV  
  54  5:05  SCV  
  53  5:10  Stimpack  
  53  5:11  Hellion x2  
  53  5:16  SCV  
  53  5:21  SCV  
  53  5:23  Bunker  
  53  5:24  Supply Depot  
  53  5:25  Marauder  
  54  5:29  SCV  
  55  5:36  Command Center  
  55  5:39  Widow Mine x2  
  55  5:40  Starport Tech Lab  
  55  5:41  SCV x2  
  61  5:46  Supply Depot  
  61  5:47  Marauder  
  58  6:00  Hellion x2  
  58  6:03  SCV x2  
  56  6:06  Medivac  
  56  6:10  Hellion x2  
  57  6:13  Marauder  
  57  6:15  SCV x2, Refinery  
  57  6:16  Refinery  
  61  6:28  SCV x2, Barracks  
  61  6:30  Barracks  
  61  6:32  Engineering Bay  
  63  6:33  Engineering Bay  
  63  6:45  Marauder  
  65  6:47  SCV x2  
  65  6:49  Orbital Command  
  65  6:52  Starport Reactor  
  67  6:57  Barracks  
  67  6:59  Siege Tank, Barracks  
  70  7:04  SCV x2  
  70  7:05  Terran Infantry Weapons Level 1  
  70  7:06  Terran Infantry Armor Level 1  
  70  7:10  Marauder  
  72  7:16  SCV x2  
  72  7:20  Combat Shield, Barracks Reactor  
  74  7:24  SCV  
  74  7:26  Marine x2  
  74  7:28  SCV  
  78  7:31  Siege Tank  
  78  7:34  Medivac  
  81  7:45  SCV x2  
  81  7:46  Barracks Reactor x2  
  81  7:47  Marauder, Orbital Command  
  83  7:53  Marine x2  
  83  7:56  Supply Depot  
  83  7:57  SCV x2  
  83  7:58  Supply Depot  
  87  8:00  Marine x2  
  87  8:01  Medivac  
  87  8:04  Medivac  
  93  8:13  Supply Depot  
  93  8:14  Supply Depot  
  93  8:18  SCV x2, Marauder, Siege Tank, Marine  
  93  8:19  Marine  
  102  8:21  Marine x2  
  102  8:24  SCV  
  105  8:27  Marine x2  
  105  8:30  SCV x2, Supply Depot  
  109  8:36  SCV, Medivac, Marine  
  109  8:37  Marine  
  109  8:40  Marauder, Marine  
  109  8:41  Marine x2  
  119  8:45  SCV  
  119  8:46  SCV  
  120  8:49  Supply Depot  
  120  8:50  Supply Depot  
  120  8:51  Barracks  
  120  8:52  Refinery, Barracks  
  123  8:55  Medivac, Siege Tank  
  123  9:00  Terran Infantry Weapons Level 2  
  125  9:09  Terran Infantry Armor Level 2  
  123  9:12  Marine x4  
  123  9:13  Marine x3  
  123  9:14  Marauder  
  132  9:19  Marine  
  133  9:30  Marine x5  
  128  9:33  Marine x2  
  128  9:34  Siege Tank  
  128  9:35  Marauder  
  134  9:40  Marine  
  135  9:48  Marine x2  
  135  9:50  Barracks Tech Lab x2  
  136  9:53  Marine  
  136  9:54  Marine x2  
  136  9:55  Marine x2  
  136  9:56  Marauder  
  136  9:58  Marine  
  136  9:59  Supply Depot  
  144  10:00  Supply Depot  
  144  10:05  Marine  
  144  10:06  Marine  
  135  10:08  Siege Tank, Liberator  
  135  10:10  Marauder, Liberator  
  135  10:11  Marine x2  
  140  10:18  Marine x5  
  140  10:19  Marauder, Concussive Shells  
  152  10:31  Marauder  
  154  10:37  Marauder  
  154  10:40  Siege Tank, Marine x2  
  154  10:41  Marine x4  
  165  10:48  Supply Depot  
  165  10:50  Supply Depot x2  
  165  11:03  Marine  
  165  11:09  Marine x3  
  165  11:10  Marauder  
  170  11:11  Medivac x2  
  174  11:22  Marauder  
  174  11:25  Marine x4  
  178  11:28  Marauder  
  178  11:31  Marauder  
  184  11:34  Marine x3  
  184  11:38  Marine  
  179  11:42  Terran Infantry Weapons Level 3  
  179  11:43  Marauder, Marine x3  
  179  11:44  Command Center  
  179  11:45  Terran Infantry Armor Level 3  
  184  11:49  Marauder  
  173  12:04  Marauder, Marine x4  
  173  12:05  Marine x3  
  182  12:09  Marine x2  
  182  12:10  Marine  
  166  12:22  Marine x5  
  143  12:25  Marine  
  143  12:28  Marauder x3, Siege Tank  
  137  12:33  Marine x2  
  116  12:40  Marine x5  
  116  12:42  Medivac, Marine  
  117  12:49  Marauder, Marine x2  
  117  12:51  Marine x2  
  123  13:00  Siege Tank, Marine  
  123  13:01  Marine x4  
  131  13:07  Marauder x2  
  131  13:11  Marauder  
  137  13:21  Marine  
  137  13:22  Marine  
  137  13:23  Marine x6  
  143  13:29  Marauder x2  
  143  13:32  Planetary Fortress, Marauder  
  148  13:39  Marine x2  
  148  13:41  Siege Tank, Marine x6  
  155  13:50  Marauder, Marine  
  155  13:53  Marine  
  159  13:57  Marine x2  
  159  13:58  Marine  
  159  13:59  Marine x3  
  159  14:02  Marine x2  
  165  14:08  Marauder  
  157  14:11  Marauder, Marine  
  157  14:12  Medivac x2  
  157  14:13  Siege Tank  
  157  14:15  Marine x2  
  169  14:17  Marine x2  
  169  14:21  Marine x2  
  169  14:22  Marine x2  
  175  14:28  Missile Turret  
  175  14:29  Marauder x2  
  178  14:33  Marauder, Marine x2  
  178  14:35  Marine  
  183  14:45  Siege Tank  
  186  14:48  Marine x4  
  186  14:51  Marauder x2  
  194  14:54  Marauder  
  194  14:59  Marine x2  
  191  15:09  Marine x5  
  191  15:10  Marine  
  191  15:12  Marauder  
  199  15:17  Marine  
Show
View Real Time Build Order
Export as new Build Order

LiquidTLO Zerg 

Build Orders: Hatch First 

Get SALT Encoding   

  12  0:00  Drone  
  13  0:12  Overlord  
  13  0:18  Drone  
  14  0:31  Drone  
  14  0:32  Drone  
  16  0:36  Drone  
  17  0:53  Hatchery  
  16  0:58  Drone  
  16  0:59  Drone  
  18  1:08  Extractor  
  17  1:16  Spawning Pool  
  17  1:18  Drone  
  17  1:21  Drone  
  18  1:28  Drone  
  19  1:41  Drone  
  20  1:49  Overlord  
  20  2:03  Queen  
  20  2:05  Zergling x4  
  20  2:06  Queen  
  26  2:10  Metabolic Boost  
  26  2:12  Drone  
  27  2:17  Drone  
  28  2:23  Drone  
  29  2:32  Drone  
  30  2:37  Hatchery  
  30  2:40  Drone  
  30  2:42  Drone  
  31  2:49  Queen  
  33  2:53  Overlord  
  33  2:57  Drone  
  34  2:59  Drone  
  34  3:04  Drone  
  36  3:12  Overlord  
  36  3:13  Drone x2  
  36  3:14  Drone x2  
  40  3:21  Overlord  
  40  3:22  Drone  
  41  3:29  Queen  
  41  3:33  Zergling x4  
  45  3:36  Queen  
  47  3:41  Drone  
  47  3:44  Zergling x2  
  47  3:47  Drone  
  50  3:51  Roach Warren  
  50  3:52  Drone x2  
  50  3:54  Drone  
  51  3:56  Drone  
  51  3:58  Drone  
  51  3:59  Drone x2  
  51  4:02  Drone  
  56  4:03  Zergling x2  
  56  4:05  Overlord  
  57  4:10  Queen  
  57  4:16  Drone  
  60  4:21  Zergling x2  
  60  4:22  Zergling x2  
  60  4:23  Queen  
  59  4:25  Zergling x2  
  59  4:26  Zergling x2  
  59  4:28  Zergling x4  
  63  4:31  Roach  
  63  4:33  Roach  
  63  4:36  Zergling x2  
  63  4:38  Roach  
  68  4:39  Roach  
  62  4:46  Roach  
  62  4:47  Drone  
  60  4:55  Drone  
  60  4:56  Roach  
  60  4:57  Drone  
  61  5:00  Drone  
  61  5:01  Drone  
  61  5:04  Drone  
  64  5:10  Spore Crawler  
  64  5:12  Spore Crawler  
  64  5:13  Drone  
  60  5:14  Drone  
  60  5:19  Spore Crawler  
  58  5:22  Drone  
  58  5:23  Drone  
  58  5:24  Ravager  
  58  5:26  Drone  
  58  5:28  Drone x2  
  63  5:30  Zergling x2  
  63  5:32  Zergling x2  
  66  5:36  Drone  
  66  5:40  Drone  
  68  5:43  Zergling x2  
  68  5:46  Extractor x2  
  68  5:47  Extractor  
  68  5:48  Drone  
  67  5:51  Zergling x2  
  67  5:52  Drone  
  67  5:54  Drone  
  67  5:55  Drone  
  70  5:58  Drone  
  70  6:00  Drone  
  70  6:01  Drone  
  70  6:02  Drone  
  70  6:03  Drone x2  
  71  6:04  Drone x2  
  71  6:07  Drone  
  71  6:10  Drone x2  
  69  6:16  Lair  
  69  6:18  Queen, Drone  
  66  6:25  Drone  
  69  6:27  Evolution Chamber, Drone  
  69  6:28  Evolution Chamber, Drone  
  69  6:30  Drone  
  69  6:32  Drone  
  71  6:34  Drone  
  71  6:37  Drone  
  71  6:38  Baneling Nest  
  72  6:41  Overlord  
  72  6:44  Overlord  
  72  6:45  Drone  
  72  6:46  Drone  
  74  6:48  Overlord  
  74  6:51  Extractor  
  73  6:59  Drone x2  
  73  7:00  Drone x2  
  73  7:01  Drone x3  
  79  7:02  Drone  
  79  7:03  Drone  
  79  7:05  Zerg Ground Armor Level 1  
  79  7:07  Drone  
  83  7:11  Roach  
  83  7:12  Roach  
  86  7:16  Roach  
  86  7:18  Drone  
  86  7:19  Zerg Melee Weapons Level 1  
  86  7:20  Drone  
  86  7:21  Drone  
  90  7:26  Hydralisk Den  
  90  7:28  Extractor, Zergling x2  
  90  7:29  Zergling x2  
  90  7:30  Overlord  
  90  7:32  Drone x2  
  90  7:35  Roach  
  93  7:38  Roach  
  92  7:45  Drone  
  92  7:50  Drone  
  96  7:51  Roach, Pneumatized Carapace  
  96  7:54  Zergling x2  
  96  7:57  Hydralisk, Hatchery, Grooved Spines  
  98  8:03  Hydralisk, Overlord  
  100  8:06  Hydralisk  
  100  8:07  Hydralisk  
  100  8:08  Drone  
  100  8:10  Baneling  
  100  8:11  Baneling  
  100  8:12  Overlord  
  105  8:14  Overlord  
  105  8:17  Overlord  
  105  8:22  Overlord  
  105  8:24  Hydralisk x2  
  105  8:25  Zergling x2  
  105  8:26  Zergling x4  
  112  8:27  Zergling x2  
  112  8:29  Zergling x2  
  112  8:30  Overlord  
  112  8:32  Zergling x2  
  112  8:33  Zergling x2  
  116  8:39  Zergling x4  
  116  8:40  Zergling x2  
  119  8:43  Zergling x2  
  119  8:44  Zergling x2  
  119  8:47  Hydralisk x4  
  129  8:49  Baneling x2  
  129  8:53  Hydralisk  
  129  8:55  Hydralisk  
  133  8:56  Zergling x4  
  133  8:59  Zergling x4  
  133  9:01  Baneling x5  
  136  9:03  Zergling x2  
  136  9:05  Zergling x4  
  136  9:06  Zergling x2  
  136  9:08  Zergling x2  
  136  9:09  Zergling x2  
  141  9:10  Drone  
  141  9:11  Drone  
  141  9:12  Drone  
  141  9:14  Zergling x2  
  141  9:16  Zergling x2  
  146  9:19  Zergling x4  
  146  9:23  Hydralisk x3  
  146  9:25  Hydralisk  
  146  9:30  Centrifical Hooks  
  144  9:36  Zergling x6  
  144  9:38  Zergling x2  
  144  9:40  Zerg Ground Armor Level 2  
  144  9:45  Muscular Augments  
  144  9:46  Zergling x2  
  144  9:47  Zergling x2  
  144  9:48  Zergling x4  
  144  9:50  Zerg Melee Weapons Level 2  
  147  9:54  Zergling x4  
  147  9:55  Zergling x2  
  147  9:57  Zergling x2  
  147  9:58  Hydralisk  
  153  10:01  Zergling x2  
  153  10:02  Zergling x2  
  153  10:05  Drone x2  
  153  10:06  Drone x2  
  157  10:09  Zergling x2  
  157  10:12  Overlord  
  157  10:13  Zergling x2  
  159  10:14  Overseer  
  159  10:16  Baneling x4  
  159  10:19  Burrow  
  159  10:29  Baneling x2  
  159  10:30  Baneling x4  
  159  10:32  Zergling x2  
  160  10:37  Infestation Pit  
  160  10:40  Hydralisk  
  160  10:41  Hydralisk x5  
  158  10:43  Infestation Pit  
  158  10:48  Zergling x4  
  159  10:50  Zergling x4  
  159  10:51  Zergling x4  
  159  10:54  Zergling x2  
  159  10:55  Zergling x2  
  159  10:56  Overlord x3, Zergling x2  
  166  11:03  Overlord x3  
  166  11:04  Overseer  
  166  11:06  Baneling  
  166  11:07  Baneling x7  
  166  11:09  Overlord  
  166  11:11  Overlord  
  166  11:15  Hydralisk x2  
  166  11:17  Overlord  
  170  11:21  Hydralisk x2  
  170  11:24  Zergling x4  
  176  11:27  Baneling x2  
  176  11:28  Baneling x8  
  176  11:31  Zergling x4  
  178  11:33  Zergling x2  
  178  11:38  Zergling x6  
  178  11:39  Zergling x4  
  184  11:41  Zergling x2  
  184  11:43  Zergling x2  
  184  11:44  Zergling x4  
  189  11:47  Zergling x4  
  189  11:48  Zergling x2  
  189  11:50  Zergling x4  
  189  11:51  Zergling x4  
  189  11:52  Zergling x2  
  189  11:53  Zergling x2  
  189  11:54  Hydralisk  
  192  11:56  Zergling x2  
  192  11:57  Zergling x4  
  192  11:59  Zergling x4  
  192  12:01  Zergling x2  
  196  12:02  Hydralisk  
  196  12:05  Zergling x2  
  196  12:07  Zergling x2  
  193  12:14  Hydralisk x20, Zergling x2  
  193  12:15  Zergling x2  
  165  12:18  Zergling x2  
  165  12:19  Roach  
  165  12:21  Hydralisk x20  
  143  12:24  Baneling, Zergling x2  
  143  12:25  Baneling x2  
  143  12:26  Roach, Zergling x2  
  137  12:30  Drone  
  137  12:31  Baneling, Drone  
  137  12:33  Zergling x4  
  137  12:35  Hydralisk  
  123  12:41  Zerg Missile Weapons Level 1  
  123  12:43  Drone  
  119  12:47  Drone  
  120  12:52  Drone  
  120  12:53  Drone x2  
  120  12:58  Baneling x2  
  123  13:03  Zergling x6  
  123  13:04  Zergling x4  
  127  13:10  Hatchery  
  127  13:11  Hydralisk  
  127  13:12  Hydralisk  
  128  13:14  Zergling x2  
  128  13:15  Zergling x2  
  132  13:21  Hydralisk x2  
  132  13:24  Baneling x2  
  132  13:25  Hydralisk x2  
  140  13:28  Zergling x4  
  140  13:29  Zergling x2  
  140  13:33  Hydralisk  
  144  13:34  Baneling, Zergling x2  
  144  13:35  Baneling x3  
  144  13:40  Hydralisk x2  
  146  13:42  Zergling x2  
  146  13:43  Zergling x2  
  146  13:44  Hydralisk x2, Zergling x2  
  146  13:45  Hydralisk  
  155  13:51  Zergling x2  
  155  13:53  Zergling x2  
  157  13:57  Zergling x2  
  157  14:01  Baneling x2  
  157  14:02  Zergling x2  
  157  14:03  Baneling x2  
  157  14:04  Baneling  
  157  14:08  Hydralisk  
  157  14:12  Baneling  
  157  14:13  Hydralisk x2, Baneling  
  157  14:16  Hydralisk x4  
  167  14:18  Zergling x2  
  167  14:22  Lair  
  170  14:24  Hydralisk  
  170  14:25  Zergling x2  
  170  14:28  Zergling x2  
  170  14:30  Baneling  
  170  14:31  Baneling x10  
  174  14:42  Zergling x2  
  174  14:44  Hydralisk  
  174  14:45  Hydralisk  
  175  14:46  Zergling x2  
  175  14:47  Zergling x2  
  175  14:51  Hydralisk  
  178  14:57  Hydralisk x2  
  181  15:01  Zergling x2  
  181  15:03  Hydralisk, Hatchery  
  181  15:05  Zergling x4  
  184  15:08  Zergling x2  
  184  15:10  Zergling x2  
  184  15:11  Zergling x2  
  187  15:26  Zergling x2  
Tags
 
Add a new tag
Caveats
  • Supply blocks, unpowered buildings, or Contaminate may cause inaccurate times.
  • Supply counts are checked every 10 seconds.